 Dungeon Crawl Stone Soup version 0.21-a0-404-g291f19a (webtiles) character file.

40 kae the Digger (level 3, 0/19 HPs)
             Began as a Gargoyle Earth Elementalist on Oct 26, 2017.
             Slain by an ogre
             ... wielding a +0 giant club
              (9 damage)
             ... on level 2 of the Dungeon on Oct 27, 2017.
             The game lasted 00:02:22 (1174 turns).

kae the Digger (Gargoyle Earth Elementalist)        Turns: 1174, Time: 00:02:23

Health: 0/19       AC:  5    Str: 11    XL:     3   Next: 50%
Magic:  7/7        EV: 12    Int: 16    God:
Gold:   59         SH:  0    Dex: 10    Spells: 3/7 levels left

rFire    . . .     SeeInvis .   g - +0 club
rCold    . . .     Gourm    .   (no shield)
rNeg     + . .     Faith    .   c - +0 robe
rPois    ∞         Spirit   .   (no helmet)
rElec    +         Reflect  .   (no cloak)
rCorr    .         Harm     .   (no gloves)
MR       .....                  (no boots)
Stlth    ++........             (no amulet)
HPRegen  0.06/turn              (no ring)
MPRegen  0.10/turn              (no ring)

@: no status effects
A: negative energy resistance 1, electricity resistance, unbreathing,
petrification resistance, rot immunity, AC +3
a: no special abilities


You were on level 2 of the Dungeon.
You were not hungry.

You visited 1 branch of the dungeon, and saw 2 of its levels.

You collected 59 gold pieces.

Inventory:

Hand Weapons
 g - a +0 club (weapon)
Missiles
 b - 45 stones (quivered)
Armour
 c - a +0 robe (worn)
Jewellery
 k - an uncursed ring of see invisible {unknown}
Scrolls
 a - 3 scrolls of identify {unknown}
 f - a scroll of remove curse {unknown}
 h - a scroll of amnesia {unknown}
 i - 2 scrolls of blinking {unknown}
Potions
 j - a potion of heal wounds {unknown}
Books
 e - a book of Geomancy

   Spells                             Type                      Level
   a - Sandblast                      Earth                        1
   b - Passwall                       Transmutation/Earth          2
   c - Stone Arrow                    Conjuration/Earth            3
   d - Petrify                        Transmutation/Earth          4
   e - Lee's Rapid Deconstruction     Earth                        5
Comestibles
 d - 3 bread rations
 l - a chunk of flesh


   Skills:
 - Level 1.5 Dodging
 - Level 2.1 Stealth
 + Level 2.8 Spellcasting
 + Level 0.4 Conjurations
   Level 0.7 Transmutations
 + Level 4.5 Earth Magic


You had 3 spell levels left.
You knew the following spells:

 Your Spells              Type           Power        Failure   Level  Hunger
a - Sandblast             Erth           ###...       3%          1    #......
b - Stone Arrow           Conj/Erth      ##....       21%         3    ###....


Dungeon Overview and Level Annotations

Branches:
Dungeon (2/15)

Altars:

Annotations:
D:2 1 runed door, Sigmund


Innate Abilities, Weirdness & Mutations

You are resistant to torment.
Your stone body is resilient. (AC +3)
You are immune to poison.
You resist negative energy. (rN+)
You are resistant to electric shocks. (rElec)
You can survive without breathing.
You are immune to petrification.
You are immune to rotting.


Message History

A giant cockroach comes into view.
Casting: Sandblast
Confirm with . or Enter, or press ? or * to list all spells.
Aiming: Sandblast
Press: ? - help, Shift-Dir - straight line, f - worm
Aim: a worm The blast of sand hits the worm.
The worm is heavily wounded.
b - 45 stones The hobgoblin hits you but does no damage.
The worm bites you! The hobgoblin misses you.
The hobgoblin completely misses you. The giant cockroach barely misses you.
The giant cockroach bites you but does no damage.
The giant cockroach bites you.
You see here a rat corpse.
The ogre shouts!
The ogre hits you with a giant club!
You die...

#.# #.#
#..######.#
#.# #.###.l#
#.# #.#
#...#..# #.#
#.# ###l#..#
#.# #.#
#.#..# #.#
#.# #g#..#
#.#
#.#####.#..#
#.#
#......sO..#
#<#
#######@#.##
#.#
########.#.#
..#
.........#.#
#.##
#..#####g#.#
#. #.#.# #.
#.#.# #.
#.#.# #.
#.#.# #.#w#


You could see an ogre, a giant cockroach, 2 hobgoblins and a frilled lizard.

Vanquished Creatures
  An ooze (D:1)
  2 worms (D:2)
  A giant cockroach (D:1)
  6 goblins
  3 hobgoblins
  3 jackals (D:1)
  5 kobolds
  A ball python (D:1)
  3 bats (D:1)
  3 rats
28 creatures vanquished.

Notes
Turn   | Place    | Note
-------+----------+-------------------------------------------
     0 | D:1      | kae the Gargoyle Earth Elementalist began the quest for the Orb.
     0 | D:1      | Reached XP level 1. HP: 10/10 MP: 3/3
   188 | D:1      | Reached XP level 2. HP: 13/15 MP: 3/5
   195 | D:1      | Reached skill level 4 in Earth Magic
   510 | D:1      | Reached XP level 3. HP: 15/19 MP: 3/6
   795 | D:2      | Learned a level 3 spell: Stone Arrow
   909 | D:2      | Noticed Sigmund
   935 | D:2      | Found a runed door.
  1135 | D:2      | Noticed an ogre
  1174 | D:2      | Slain by an ogre

Vault maps used:
D:1:      eino_arrival_cavern_b
D:2:      first_bread, minivault_26, doesnt_xom_only_xom, uniq_jessica,
          uniq_sigmund, uniq_crazy_yiuf_cottage

Skill      XL: |  1  2 |
---------------+-------+-----
Earth Magic    | 4 |  4.5
Dodging        | |  1.5
Stealth        | |  2.1
Spellcasting   | |  2.8
Conjurations   | |  0.4
Transmutations | |  0.7

Action                   || total
-------------------------++-------
Melee: Unarmed           ||     6
       Club              ||    64
 Cast: Sandblast         ||    30
  Eat: Chunk             ||     1
Armor: Robe              ||    40
Dodge: Dodged            ||    71

Table legend:
 A = Spawn XP
 B = Non-spawn XP
 C = Spawn XP percentage of total XP
 D = Spawn monster count
 E = Non-spawn monster count
 F = Spawn count percentage of total count
 G = Total turns spent on level
                    A         B        C        D         E        F      G
               +---------+---------+-------+---------+---------+-------+---------
         Total |       0 |      58 |   0.0 |       0 |      28 |   0.0 |  1174
               +---------+---------+-------+---------+---------+-------+---------
           D:1 |       0 |      41 |   0.0 |       0 |      22 |   0.0 |   790
           D:2 |       0 |      17 |   0.0 |       0 |       6 |   0.0 |   384
               +---------+---------+-------+---------+---------+-------+---------
